 Dungeon Crawl Stone Soup version 0.20-a0-926-g560771d (webtiles) character file.

2695 Deemzul the Covert (level 9, -18/54 HPs)
             Began as an Octopode Fighter on Mar 27, 2017.
             Was a Believer of Hepliaklqana.
             Demolished by an ogre
             ... wielding a cursed +0 giant club
              (24 damage)
             ... on level 7 of the Dungeon.
             The game lasted 00:09:09 (7292 turns).

Deemzul the Covert (Octopode Fighter)               Turns: 7292, Time: 00:09:10

Health: -18/54     AC:  1    Str: 15    XL:     9   Next: 65%
Magic:  9/9        EV: 14    Int: 11    God:    Hepliaklqana [**....]
Gold:   227        SH:  9    Dex: 14    Spells: 8/8 levels left

rFire    . . .     SeeInvis .   a - +0 long sword
rCold    + . .     Gourm    .   b - +0 shield
rNeg     + . .     Faith    .   (helmet restricted)
rPois    .         Spirit   .   (no amulet)
rElec    .         Reflect  .   f - ring of positive energy
rCorr    .         Harm     .   D - ring of protection from cold
MR       .....                  (no ring)
Stlth    +++++.....             (no ring)
Regen    0.2/turn               (no ring)
MPRegen  0.2/turn               (no ring)
                                (no ring)
                                (no ring)

@: no status effects
A: almost no armour, stealthy swim, amphibious, 8 rings, constrict 8, reduced
essence, tentacle spike 1, camouflage 1, gelatinous body 1
a: Recall Ancestor, Ancestor Identity, Renounce Religion


You were on level 7 of the Dungeon.
You worshipped Hepliaklqana.
Hepliaklqana was pleased with you.
You were hungry.

You visited 2 branches of the dungeon, and saw 8 of its levels.
You also visited: Sewer.

You collected 227 gold pieces.

Inventory:

Hand Weapons
 a - a +0 long sword (weapon)
 g - a +0 spear of flaming
 r - a +0 blowgun
Missiles
 s - 76 poisoned needles
Armour
 b - a +0 shield (worn)
Jewellery
 f - a ring of positive energy (left tentacle)
 v - an uncursed ring of fire
 D - a ring of protection from cold (right tentacle)
Wands
 l - a wand of polymorph (12/24)
 m - a wand of polymorph (10/24)
 x - a wand of scattershot (4/9)
 y - a wand of polymorph (10/24)
 z - a wand of flame (27/48)
 F - a wand of clouds (6/9)
 H - a wand of polymorph (14/24)
Scrolls
 e - 5 scrolls of remove curse {unknown}
 h - 10 scrolls of identify {unknown}
 j - 3 scrolls of teleportation
 n - 2 scrolls of amnesia {unknown}
 o - 3 scrolls of recharging {unknown}
 q - a scroll of blinking {unknown}
 t - 2 scrolls of magic mapping {unknown}
 u - a scroll of fear {unknown}
 w - a scroll of torment {unknown}
 B - a scroll of random uselessness {unknown}
 E - a scroll of enchant armour {unknown}
 N - a scroll of immolation {unknown}
Potions
 c - 5 potions of might
 i - 3 potions of agility {unknown}
 A - 6 potions of curing {unknown}
 G - 3 potions of flight {unknown}
 I - a potion of degeneration {unknown}
 J - 3 potions of heal wounds {unknown}
 K - a potion of brilliance {unknown}
 L - a potion of cancellation {unknown}
Books
 C - a Young Poisoner's Handbook

   Spells                             Type                      Level
   a - Sting                          Conjuration/Poison           1
   b - Poisonous Vapours              Poison/Air                   2
   c - Mephitic Cloud                 Conjuration/Poison/Air       3
   d - Olgreb's Toxic Radiance        Poison                       4
   e - Venom Bolt                     Conjuration/Poison           5
Comestibles
 d - 4 bread rations
 k - 3 royal jellies
 p - a meat ration


   Skills:
 + Level 5.1 Fighting
 + Level 8.0 Long Blades
 + Level 1.4 Polearms
 + Level 0.2 Throwing
 + Level 5.8 Dodging
 + Level 9.2 Stealth
 + Level 5.1 Shields


You had 8 spell levels left.
You didn't know any spells.

Dungeon Overview and Level Annotations

Branches:
Dungeon (7/15)             Temple (1/1) D:5

Altars:
Ashenzari
Cheibriados
Dithmenos
Elyvilon
Fedhas
Gozag
Hepliaklqana
Kikubaaqudgha
Makhleb
Nemelex Xobeh
Okawaru
Qazlal
Ru
Sif Muna
Trog
Uskayaw
Vehumet
Wu Jian
Xom
Yredelemnul
Zin
The Shining One

Annotations:
D:7 Deemzul's ghost, novice OpMo


Innate Abilities, Weirdness & Mutations

You cannot wear most types of armour.
You are very stealthy in the water. (Stealth+)
You are amphibious.
You can wear up to eight rings at the same time.
You can use your tentacles to constrict eight enemies at once.
Your skin changes colour to match your surroundings (Stealth+).
Your rubbery body absorbs attacks. (AC +1, EV +1)
Your life essence is reduced. (-10% HP)
One of your tentacles bears a spike.


Message History

The ogre hits Iltani with a giant club!!
Iltani is destroyed!
Unknown command.
A giant cockroach comes into view.
You closely miss the bullfrog. Your grab misses the bullfrog.
You squeeze the bullfrog, but do no damage.
The bullfrog is severely wounded.
You block the bullfrog's attack.
The giant cockroach moves out of view.
The bullfrog hits you.
* * * LOW HITPOINT WARNING * * *
Unknown command.
Deemzul's ghost turns its malevolent gaze towards you.
You hit the bullfrog.
You kill the bullfrog!
Your Long Blades skill increases to level 8!
Unknown command.
Deemzul's ghost says, "Try not to bleed too much."
A water moccasin comes into view.
The ogre hits you with a giant club!!
You die...

#.# .# #.####### .#
#.......# .#
#..####.##.## #..#
#.#...###### ### #.(##
#....(......
.....###)..#####...######
..S.....(.#R####...#
.#######@###.......#
#.O#.####...#
#########)#.## #####
.........s#.#
##.........# #.##....#.#
#....##.#.# ####.. #.#W#
...... #.#.#


You could see a water moccasin (wandering), an ogre and a giant cockroach.

Vanquished Creatures
  Prince Ribbit (D:5)
  A hornet (D:5)
  The ghost of Deemzul the Slasher, an amateur OpFi (Sewer)
  An ice beast (D:5)
  2 ogres (D:5)
  2 centaurs (D:5)
  2 big kobolds (Sewer)
  2 bullfrogs (D:7)
  A wyvern skeleton (D:6)
  A scorpion (D:5)
  3 howler monkeys
  4 crimson imps
  A hound (D:5)
  An orc wizard (D:7)
  A bullfrog skeleton (D:5)
  Jessica (D:2)
  4 worker ants
  Robin (D:2)
  3 gnolls (D:2)
  5 adders
  2 shadow imps
  3 oozes
  2 adder skeletons
  2 worms
  A dart slug (D:2)
  8 leopard geckos
  14 orcs
  6 giant cockroaches
  7 hobgoblins
  20 jackals
  4 quokkas
  4 ball pythons
  6 bats
  9 frilled lizards
  21 goblins
  21 kobolds
  A leopard gecko skeleton (D:4)
  A quokka skeleton (D:6)
  12 rats
182 creatures vanquished.

Vanquished Creatures (collateral kills)
  The ghost of Deemzul the Slasher, an amateur OpFi of Hepliaklqana (D:4)
  A sky beast (D:6)
  A centaur (D:7)
  A bullfrog (D:7)
  An electric eel (D:6)
  A crimson imp (D:6)
  2 worker ants
  A hound zombie (D:6)
  A hound skeleton (D:6)
  A howler monkey zombie (D:7)
  A shadow imp (D:5)
  An orc (D:6)
  A giant cockroach (D:6)
  A kobold (Sewer)
  A frilled lizard (Sewer)
16 creatures vanquished.

Vanquished Creatures (others)
  An ancestor (D:7)
  A knight (D:7)
2 creatures vanquished.

Grand Total: 200 creatures vanquished

Notes
Turn   | Place    | Note
-------+----------+-------------------------------------------
     0 | D:1      | Deemzul the Octopode Fighter began the quest for the Orb.
     0 | D:1      | Reached XP level 1. HP: 16/16 MP: 1/1
    75 | D:1      | Reached XP level 2. HP: 19/21 MP: 2/2
   484 | D:1      | Reached skill level 1 in Stealth
   484 | D:1      | Reached XP level 3. HP: 26/26 MP: 3/3
   906 | D:2      | Reached XP level 4. HP: 28/31 MP: 4/4
   915 | D:2      | Noticed Robin
   919 | D:2      | Killed Robin
   919 | D:2      | Reached skill level 1 in Polearms
  1203 | D:2      | Reached skill level 2 in Stealth
  1248 | D:2      | Found a blossoming altar of Fedhas.
  1377 | D:2      | Noticed Jessica
  1379 | D:2      | Killed Jessica
  1379 | D:2      | Reached XP level 5. HP: 34/36 MP: 5/5
  2373 | D:4      | Reached skill level 3 in Stealth
  2373 | D:4      | Reached XP level 6. HP: 27/42 MP: 6/6
  2380 | D:4      | Noticed Deemzul's ghost (amateur OpFi)
  2696 | D:5      | Entered Level 5 of the Dungeon
  2790 | D:5      | Reached skill level 4 in Stealth
  2899 | D:4      | Found a bloodstained altar of Trog.
  2945 | D:5      | Reached XP level 7. HP: 4/46 MP: 7/7
  2948 | D:5      | HP: 2/47 [jackal (2)]
  3277 | D:5      | Noticed Prince Ribbit
  3284 | D:5      | Killed Prince Ribbit
  3284 | D:5      | Reached skill level 5 in Long Blades
  3284 | D:5      | Reached skill level 5 in Stealth
  4106 | D:5      | Reached XP level 8. HP: 40/54 MP: 8/8
  4277 | D:5      | Found a staircase to the Ecumenical Temple.
  4283 | Temple   | Entered the Ecumenical Temple
  4390 | Temple   | Became a worshipper of Hepliaklqana the Forgotten
  4494 | D:5      | Noticed a hornet
  4499 | D:5      | Killed a hornet
  4499 | D:5      | Reached skill level 5 in Dodging
  4921 | D:6      | Reached skill level 6 in Stealth
  5005 | D:6      | Reached * piety under Hepliaklqana
  5144 | D:6      | Gained mutation: One of your tentacles bears a spike. [mutagenic meat]
  5180 | D:6      | Found a white marble altar of Elyvilon.
  5400 | D:6      | Found a glowing drain.
  5418 | Sewer    | Entered a sewer
  5432 | Sewer    | Noticed Deemzul's ghost (amateur OpFi)
  5442 | Sewer    | Killed Deemzul's ghost
  5442 | Sewer    | Reached skill level 7 in Stealth
  5442 | Sewer    | Reached XP level 9. HP: 46/54 MP: 9/9
  6008 | D:7      | Reached skill level 8 in Stealth
  6036 | D:7      | Noticed Deemzul's ghost (novice OpMo)
  6455 | D:4      | Killed Deemzul's ghost
  6455 | D:4      | Reached skill level 5 in Fighting
  6751 | D:7      | Reached skill level 9 in Stealth
  6958 | D:7      | Reached skill level 5 in Shields
  7259 | D:7      | Reached ** piety under Hepliaklqana
  7261 | D:7      | Remembered your ancestor Iltani as a knight
  7292 | D:7      | Demolished by an ogre

Vault maps used:
D:1:      minmay_arrival_cross, chequers_big_river
D:2:      fedhas_altar_1, first_bread, uniq_robin, uniq_jessica
D:4:      trog_butcher_becter
D:5:      minmay_temple_entry_nine_rooms, uniq_prince_ribbit1
D:6:      cheibrodos_helix_gallery, portal_sewer_entry_f, basic_altar
Temple:   kilobyte_greek_temple
Sewer:    kennysheep_pipe_town

Skill      XL: |  1  2  3  4  5  6  7  8  9 |
---------------+----------------------------+-----
Stealth        | 1 2 3 4 5 7 9 |  9.2
Polearms       | 1 |  1.4
Dodging        | 4 5 |  5.8
Long Blades    | 3 4 5 7 8 |  8.0
Fighting       | 4 5 |  5.1
Shields        | 4 5 |  5.1
Throwing       | |  0.2

Action                   |  1- 3 |  4- 6 |  7- 9 || total
-------------------------+-------+-------+-------++-------
Melee: Long sword        |    37 |   118 |   218 ||   373
       Tentacles         |    13 |    28 |    46 ||    87
       Constrict         |    20 |    30 |    47 ||    97
       Spear             |    26 |       |       ||    26
       Kick              |       |       |    44 ||    44
 Fire: Blowgun           |       |       |     4 ||     4
Invok: Recall Ancestor   |       |       |     1 ||     1
       Ancestor Life: Kn |       |       |     1 ||     1
  Use: Potion            |       |       |     2 ||     2
       Scroll            |       |       |     1 ||     1
 Stab: Sleeping          |     7 |    10 |    26 ||    43
  Eat: Chunk             |       |     6 |    15 ||    21
Armor: Skin              |     1 |     5 |     4 ||    10
Dodge: Dodged            |    25 |    48 |    74 ||   147
Block: Shield            |    14 |    46 |    89 ||   149
       Rpst.: Long sword |     9 |    15 |    30 ||    54
